AoeStats
← Pillage The Village

QS Arena

503221588Analyzed
2v2 RM · 1mo ago on Aug 30, 2026· 44m 18s· 4 players
Game mode
Random Map
Map size
Medium (4 player)
Population
200
Speed
Normal
Resources
Standard
Victory
Conquest
Starting age
Dark Age
Ending age
Imperial Age
RankedLock teamsTeams togetherTeam positionsShared explorationLock speedFull tech treeHidden civsTurbo modeCheats
Victory
Defeat
🇺🇸 Sicilians · United States
1272
+14
🇺🇸 Burmese · United States
1253
+15
🇧🇷 Malians · Brazil
1232
-15
🇧🇪 Khmer · Belgium
1219
-14
Pillage The Village
6:39 Feudal Age
8:38 Loom
11:30 Castle Age
9:53 Double-Bit Axe
10:37 Gold Mining
17:57 Bow Saw
21:53 Fletching
22:07 Husbandry
22:17 Bloodlines
22:47 Bloodlines
25:05 Stone Mining
26:23 Bodkin Arrow
30:33 Imperial Age
28:41 Horse Collar
36:14 Bracer
RemainingBag4ever
9:54 Feudal Age
12:29 Horse Collar
15:30 Castle Age
16:53 Horse Collar
18:58 Forging
20:29 Scale Mail Armor
22:01 Gold Mining
24:19 Iron Casting
25:32 Chain Mail Armor
28:18 Fletching
28:37 Scale Barding Armor
28:47 Heavy Plow
33:47 Imperial Age
33:11 Chain Barding Armor
33:26 Husbandry
34:08 Bloodlines
34:51 Conscription
34:02 Cavalier
36:01 Farimba
37:18 Plate Barding Armor
39:06 Plate Mail Armor
39:23 Gold Shaft Mining
42:47 Light Cavalry
SweetestFoil
7:31 Feudal Age
7:55 Feudal Age
6:43 Loom
7:29 Loom
9:08 Horse Collar
9:39 Loom
14:51 Castle Age
13:15 Padded Archer Armor
15:30 Wheelbarrow
15:37 Bloodlines
15:35 Husbandry
15:46 Heavy Plow
17:47 Town Watch
19:37 Gold Mining
21:34 Hand Cart
23:12 Town Patrol
24:02 Fletching
24:57 Bodkin Arrow
27:32 Gambesons
28:47 Gold Shaft Mining
31:42 Imperial Age
31:19 Light Cavalry
32:05 Scale Barding Armor
32:10 Forging
33:12 Conscription
32:53 Manipur Cavalry
33:11 Elite Arambai
34:41 Chain Barding Armor
34:56 Iron Casting
36:07 Plate Barding Armor
36:07 Iron Casting
35:35 Bracer
35:57 Arson
38:10 Crop Rotation
40:11 Plate Barding Armor
40:11 Iron Casting
41:03 Bracer
42:08 Arson
Freiberg47
4:20 Loom
6:57 Feudal Age
7:45 Double-Bit Axe
12:07 Fletching
13:28 Horse Collar
15:35 Forging
16:35 Wheelbarrow
16:42 Arson
17:29 Scale Mail Armor
23:01 Castle Age
24:00 Chain Mail Armor
24:20 Iron Casting
23:40 Bodkin Arrow
24:19 Bow Saw
24:23 Bloodlines
24:13 Husbandry
23:34 Light Cavalry
24:10 Town Watch
24:42 Heavy Plow
28:34 Hand Cart
30:19 Squires
34:22 Imperial Age
32:31 Ballistics
32:07 Murder Holes
34:15 Scale Barding Armor
35:33 Plate Mail Armor
36:08 Chemistry
34:54 Arrowslits
35:59 Crop Rotation
35:51 Masonry
37:45 Blast Furnace
36:56 Elite Serjeant
39:13 Bracer
39:48 Stone Mining
39:51 Gold Mining
41:51 Pikeman
Connection lost

Rejoining the realm…

Still unreachable

The connection could not be restored.

Session expired

The server has moved on; the page needs a fresh start.